 Dungeon Crawl Stone Soup version 0.22-a0-815-gb582571 (webtiles) character file.

169 zishaf the Stinger (level 5, -1/43 HPs)
             Began as a Naga Venom Mage on July 24, 2018.
             Killed by nerve-wracking pain
             ... invoked by Grinder
              (12 damage)
             ... on level 3 of the Dungeon.
             The game lasted 00:10:33 (2765 turns).

zishaf the Stinger (Naga Venom Mage)                Turns: 2765, Time: 00:10:33

Health: -1/43      AC:  2    Str: 10    XL:     5   Next: 50%
Magic:  8/9        EV: 10    Int: 17    God:
Gold:   180        SH:  0    Dex: 11    Spells: 3/10 levels left

rFire    . . .     SeeInvis +   b - +0 war axe
rCold    . . .     Gourm    .   (no shield)
rNeg     . . .     Faith    .   a - +0 robe
rPois    +         Spirit   .   (no helmet)
rElec    .         Reflect  .   (no cloak)
rCorr    .         Harm     .   (no gloves)
MR       .....                  (no barding)
Stlth    ++........             (no amulet)
HPRegen  0.14/turn              h - ring of wizardry
MPRegen  0.11/turn              (no ring)

@: short of breath, very slow
A: large, see invisible, deformed body, poison resistance, slowness 2, slow
metabolism 1, spit poison 1, AC +1
a: Spit Poison


You were on level 3 of the Dungeon.
You were very hungry.

You visited 1 branch of the dungeon, and saw 3 of its levels.

You collected 180 gold pieces.

Inventory:

Hand Weapons
 b - a +0 war axe (weapon)
Armour
 a - a +0 robe (worn)
Jewellery
 h - a ring of wizardry (left hand)
Scrolls
 d - a scroll of teleportation {unknown}
 l - 2 scrolls of fog {unknown}
 m - a scroll of identify {unknown}
 n - a scroll of enchant weapon {unknown}
Potions
 e - 2 potions of degeneration {unknown}
 f - a potion of brilliance {unknown}
 i - a potion of might {unknown}
 j - 2 potions of heal wounds {unknown}
 k - a potion of flight {unknown}
 o - a potion of lignification {unknown}
Comestibles
 c - 2 rations


   Skills:
 + Level 0.4 Fighting
 - Level 2.0 Dodging
 - Level 4.0 Stealth
 - Level 3.0 Spellcasting
 + Level 2.5 Conjurations
 + Level 0.4 Summonings
 * Level 0.9 Air Magic
 - Level 5.0 Poison Magic


You had 3 spell levels left.
You knew the following spells:

 Your Spells              Type           Power        Failure   Level  Hunger
a - Sting                 Conj/Pois      ###.         1%          1    None
b - Poisonous Vapours     Pois/Air       ##....       3%          2    ##.....
c - Summon Lightning Spi  Summ/Air       #.......     45%         4    ####...

Your spell library contained the following spells:

 Spells                   Type           Power        Failure   Level  Hunger
 Mephitic Cloud           Conj/Pois/Air  ##......     6%          3    ###....
 Venom Bolt               Conj/Pois      ###.......   38%         5    ######.
 Olgreb's Toxic Radiance  Pois           ###.....     9%          4    ####...
 Summon Small Mammal      Summ           #...         6%          1    None
 Summon Ice Beast         Ice/Summ       #.......     52%         4    ####...
 Call Imp                 Summ           #.......     9%          2    ##.....
 Call Canine Familiar     Summ           #.......     17%         3    ###....
 Summon Guardian Golem    Hex/Summ       #.......     19%         3    ###....


Dungeon Overview and Level Annotations

Branches:
Dungeon (3/15)

Altars:

Annotations:
D:3 Grinder


Innate Abilities, Weirdness & Mutations

You cannot wear boots.
Your serpentine skin is tough. (AC +1)
You have supernaturally acute eyesight. (SInv)
Armour fits poorly on your strangely shaped body.
Your system is resistant to poisons. (rPois)
You cover ground very slowly.
You have a slow metabolism.
You can spit poison.


Message History

Grinder is moderately wounded.
Grinder barely misses you. Grinder hits you.
You writhe in agony.
Casting: Sting (safe; 1% risk of failure)
Confirm with . or Enter, or press ? or * to list all spells.
Aiming: Sting (safe; 1% risk of failure)
Press: ? - help, Shift-Dir - straight line, f/p - Grinder
Aim: Grinder (moderately wounded)
The sting hits Grinder.
Grinder completely resists.
Grinder is moderately wounded.
Grinder hits you.
* * * LOW HITPOINT WARNING * * *
Press: ? - help, Shift-Dir - straight line, f/p - Grinder
Aim: Grinder (moderately wounded)
The splash of poison hits Grinder.
Grinder is heavily wounded.
You feel slightly more hungry.
Grinder says, "I used to sell toenails on the black market."
Grinder gestures at you. Pain shoots through your body!
You die...

########### #.........#
#.#######.# #.# #.# #@# #.# #5#
#.# ..l....l# #.#
######################.########
#..............................
##.###################.........
#.##.......# ########...#.....
#.##.####### >..........#.#(..
#.##.########.#######.#.#.#.##


You could see Grinder and a frilled lizard.

Vanquished Creatures
  An orc wizard (D:3)
  7 adders
  2 worms (D:2)
  A leopard gecko (D:1)
  4 orcs (D:3)
  10 bats
  4 giant cockroaches
  12 goblins
  8 hobgoblins
  2 jackals (D:2)
  3 frilled lizards
  6 kobolds
  5 rats
65 creatures vanquished.

Notes
Turn   | Place    | Note
-------+----------+-------------------------------------------
     0 | D:1      | zishaf the Naga Venom Mage began the quest for the Orb.
     0 | D:1      | Reached XP level 1. HP: 15/15 MP: 3/3
   165 | D:1      | Reached XP level 2. HP: 15/22 MP: 0/5
   176 | D:1      | Learned a level 2 spell: Poisonous Vapours
   567 | D:1      | Reached XP level 3. HP: 19/28 MP: 3/6
  1109 | D:2      | Reached XP level 4. HP: 36/36 MP: 4/7
  1767 | D:2      | Reached skill level 5 in Poison Magic
  1767 | D:2      | Reached XP level 5. HP: 42/42 MP: 1/9
  2199 | D:3      | Learned a level 4 spell: Summon Lightning Spire
  2324 | D:3      | HP: 2/42 [orc (2)]
  2754 | D:3      | Noticed Grinder
  2765 | D:3      | Killed from afar by Grinder

Vault maps used:
D:1:      ncdulo_halloftheorcs
D:2:      minmay_octomino_c4
D:3:      st_stairs_8, uniq_natasha, uniq_grinder

Skill      XL: |  1  2  3  4  5 |
---------------+----------------+-----
Dodging        | 2 |  2.0
Stealth        | 4 |  4.0
Conjurations   | 2 |  2.5
Poison Magic   | 5 |  5.0
Spellcasting   | 3 |  3.0
Fighting       | |  0.4
Summonings     | |  0.4
Air Magic      | |  0.9

Action                   |  1- 3 |  4- 6 || total
-------------------------+-------+-------++-------
Melee: Unarmed           |    20 |       ||    20
       Hand axe          |    21 |    54 ||    75
       War axe           |       |     7 ||     7
 Cast: Sting             |    23 |    19 ||    42
       Poisonous Vapours |    13 |    18 ||    31
 Abil: Spit Poison       |     6 |     5 ||    11
  Eat: Chunk             |     2 |     4 ||     6
Armor: Robe              |    12 |    19 ||    31
Dodge: Dodged            |    30 |    54 ||    84

Table legend:
 A = Spawn XP
 B = Non-spawn XP
 C = Spawn XP percentage of total XP
 D = Spawn monster count
 E = Non-spawn monster count
 F = Spawn count percentage of total count
 G = Total turns spent on level
                    A         B        C        D         E        F      G
               +---------+---------+-------+---------+---------+-------+---------
         Total |       0 |     242 |   0.0 |       0 |      65 |   0.0 |  2765
               +---------+---------+-------+---------+---------+-------+---------
           D:1 |       0 |      38 |   0.0 |       0 |      22 |   0.0 |   854
           D:2 |       0 |     134 |   0.0 |       0 |      34 |   0.0 |  1329
           D:3 |       0 |      70 |   0.0 |       0 |       9 |   0.0 |   582
               +---------+---------+-------+---------+---------+-------+---------
